 Dungeon Crawl Stone Soup version 0.26.0-45-g9c1d065592 (webtiles) character file.

Game seed: 10719385255012391673

1245 Descartes the Firebug (level 8, -10/41 HPs)
             Began as a Deep Elf Fire Elementalist on Jan 29, 2021.
             Killed by divine providence
             ... invoked by an orc priest
              (14 damage)
             ... on level 5 of the Dungeon.
             The game lasted 00:15:47 (6509 turns).

Descartes the Firebug (Deep Elf Fire Elementalist)  Turns: 6509, Time: 00:15:48

Health: -10/41     AC:  7    Str: 11    XL:     8   Next: 25%
Magic:  9/17       EV: 14    Int: 23    God:
Gold:   242        SH:  0    Dex: 15    Spells: 16/17 levels left

rFire    . . .     SeeInvis .   F - +0 falchion (holy)
rCold    . . .     Faith    .   (no shield)
rNeg     . . .     Spirit   .   D - +0 leather armour
rPois    +         Reflect  .   (no helmet)
rElec    .         Harm     .   v - +2 cloak
rCorr    .         Rampage  .   (no gloves)
Will     .....                  n - +0 pair of boots
Stlth    +++.......             j - amulet of regeneration
HPRegen  0.53/turn              w - +6 ring of strength
MPRegen  0.15/turn              y - ring of poison resistance

@: no status effects
A: no striking features
a: no special abilities


You were on level 5 of the Dungeon.
You visited 1 branch of the dungeon, and saw 5 of its levels.

You collected 242 gold pieces.

Inventory:

Hand Weapons
 h - a +1 whip of freezing
 i - a +2 dagger of speed
 F - a +0 falchion of holy wrath (weapon)
Missiles
 c - 188 stones
 d - 61 arrows
 f - 6 boomerangs
 k - 2 javelins
 z - 31 sling bullets
Armour
 a - a +0 robe
 n - a +0 pair of boots (worn)
 v - a +2 cloak (worn)
 C - a +0 buckler
 D - a +0 leather armour (worn)
Jewellery
 j - an amulet of regeneration (around neck)
 r - an uncursed amulet of guardian spirit
 w - a +6 ring of strength (left hand)
 y - a ring of poison resistance (right hand)
 E - an uncursed ring of willpower {unknown}
Wands
 G - a wand of digging (8)
Scrolls
 b - 4 scrolls of identify
 e - a scroll of amnesia {unknown}
 o - 3 scrolls of magic mapping {unknown}
 p - 2 scrolls of fear {unknown}
 q - a scroll of fog {unknown}
 s - 3 scrolls of random uselessness {unknown}
 u - a scroll of enchant weapon {unknown}
 B - 2 scrolls of remove curse {unknown}
Potions
 g - a potion of curing
 l - a potion of heal wounds
 m - a potion of ambrosia
 t - 3 potions of flight {unknown}
 x - 2 potions of resistance {unknown}
 A - a potion of attraction {unknown}
 H - a potion of lignification {unknown}


   Skills:
 - Level 5.0 Dodging
 - Level 5.0 Stealth
 + Level 2.7 Shields
 - Level 5.0 Spellcasting
 + Level 5.7 Conjurations
 + Level 6.2 Fire Magic


You had 16 spell levels left.
You knew the following spells:

 Your Spells              Type           Power        Failure   Level
a - Foxfire               Conj/Fire      100%         1%          1

Your spell library contained the following spells:

 Spells                   Type           Power        Failure   Level
 Conjure Flame            Conj/Fire      33%          3%          3
 Inner Flame              Hex/Fire       20%          11%         3
 Sticky Flame             Conj/Fire      33%          11%         4
 Fireball                 Conj/Fire      16%          28%         5


Dungeon Overview and Level Annotations

Branches:
Dungeon (5/15)             Temple (0/1) D:5

Altars:
Dithmenos
Ru

Annotations:
D:5 6 runed translucent doors, RaHiT's ghost, novice OpDe


Message History

Beogh smites you!
* * * LOW HITPOINT WARNING * * *
Casting: Foxfire (safe; 1% risk of failure)
Confirm with . or Enter, or press ? or * to list all spells.
You conjure some foxfire!
The foxfire hits the worker ant.
The worker ant is heavily wounded.
The foxfire hits the worker ant but does no damage.
The worker ant is heavily wounded.
The orc priest mumbles some strange prayers to Beogh against you.
Pain shoots through your body!
* * * LOW HITPOINT WARNING * * *
Casting: Foxfire (safe; 1% risk of failure)
Confirm with . or Enter, or press ? or * to list all spells.
You conjure some foxfire!
The foxfire hits the worker ant.
The worker ant is heavily wounded.
The foxfire hits the worker ant.
The worker ant is severely wounded.
The orc priest calls down the wrath of Beogh upon you.
Beogh smites you!
You die...

#.....# #.....#
#.....# #.....# .
#.....# ...
#.....###....
#.§§§)o.....
#######§@vB†s.....
#.....'§§v.l......
##.####.§§........
##.###############
#.....# #####.#
#.#########
#.....^...# '#
#.........#####.#


You could see a scorpion, a worker ant, an orc priest and a leopard gecko.

Vanquished Creatures
  Pikel (D:5)
  Eustachio (D:4)
  A centaur (D:5)
  3 lemures (D:5)
  A bullfrog (D:3)
  2 howler monkeys (D:4)
  Jessica (D:3)
  4 orc wizards
  4 worker ants
  4 gnolls (D:4)
  4 adders
  A white imp (D:5)
  An ufetubus (D:5)
  An ooze (D:2)
  An adder skeleton (D:5)
  3 worms
  A dart slug (D:2)
  A leopard gecko (D:4)
  10 orcs
  2 ball pythons
  5 giant cockroaches
  3 goblins
  7 hobgoblins
  15 jackals
  12 kobolds
  4 quokkas
  9 bats
  5 frilled lizards
  7 rats
114 creatures vanquished.

Vanquished Creatures (others)
  629 foxfires
  2 withered plants (D:5)
631 creatures vanquished.

Grand Total: 745 creatures vanquished

Notes
Turn   | Place    | Note
-------+----------+-------------------------------------------
     0 | D:1      | Descartes the Deep Elf Fire Elementalist began the quest
                  | for the Orb.
     0 | D:1      | Reached XP level 1. HP: 10/10 MP: 6/6
   499 | D:1      | Reached XP level 2. HP: 15/15 MP: 4/8
  1483 | D:2      | You fall into a shaft and drop 2 floors!
  1505 | D:4      | Reached XP level 3. HP: 19/19 MP: 5/10
  1556 | D:4      | Reached XP level 4. HP: 24/24 MP: 4/11
  2146 | D:3      | Noticed a bullfrog
  2150 | D:3      | Killed a bullfrog
  2151 | D:3      | Reached skill level 4 in Fire Magic
  2151 | D:3      | Reached XP level 5. HP: 20/28 MP: 8/13
  2374 | D:3      | Found a sacrificial altar of Ru.
  2582 | D:3      | Noticed Jessica
  2585 | D:3      | Killed Jessica
  4071 | D:4      | Reached XP level 6. HP: 32/32 MP: 9/14
  4430 | D:4      | Noticed Eustachio
  4642 | D:4      | Killed Eustachio
  4643 | D:4      | Reached skill level 5 in Spellcasting
  5014 | D:4      | Reached skill level 5 in Stealth
  5022 | D:4      | Reached XP level 7. HP: 36/36 MP: 7/16
  5029 | D:4      | Reached skill level 5 in Fire Magic
  5418 | D:5      | Entered Level 5 of the Dungeon
  5418 | D:5      | Found a runed translucent door.
  5418 | D:5      | Noticed RaHiT's ghost (novice OpDe)
  5424 | D:5      | Reached skill level 1 in Shields
  5499 | D:5      | Noticed Pikel
  5567 | D:5      | Killed Pikel
  5568 | D:5      | Reached skill level 5 in Dodging
  5568 | D:5      | Reached skill level 5 in Conjurations
  5568 | D:5      | Reached XP level 8. HP: 38/41 MP: 17/17
  5729 | D:5      | Reached skill level 6 in Fire Magic
  6085 | D:5      | Found a shadowy altar of Dithmenos.
  6220 | D:5      | Found a staircase to the Ecumenical Temple.
  6346 | D:5      | Found the +9 staff of Olgreb {rPois∞}
  6411 | D:5      | Found a runed translucent gate.
  6411 | D:5      | Found a runed translucent gate.
  6419 | D:5      | Found a runed translucent door.
  6429 | D:5      | Found a runed translucent gate.
  6437 | D:5      | Found a runed translucent door.
  6509 | D:5      | Killed from afar by an orc priest

Illustrated notes

Levels and vault maps discovered:
D:1:      dpeg_arrival_connections, layout_loops_ring, chequers_arboretum
D:2:      layout_basic, st_stairs_3
D:3:      minmay_wonky_spiral, layout_rooms, nicolae_ru_awakened_eye,
          kennysheep_jessica_study
D:4:      layout_loops_cross, minivault_4, uniq_eustachio
D:5:      layout_basic, nicolae_dithmenos_through_a_glass_darkly, temple_pool_b,
          gammafunk_ghost_grave, minmay_guarded_unrand_staff_of_olgreb,
          uniq_pikel

Skill      XL: |  1  2  3  4  5  6  7  8 |
---------------+-------------------------+-----
Dodging        | 3 4 5 |  5.0
Stealth        | 3 4 5 |  5.0
Conjurations   | 2 3 5 |  5.7
Spellcasting   | 4 5 |  5.0
Fire Magic     | 4 5 6 |  6.2
Shields        | 2 |  2.7

Action                   |  1- 3 |  4- 6 |  7- 9 || total
-------------------------+-------+-------+-------++-------
Melee: Dagger            |     1 |       |     9 ||    10
 Cast: Foxfire           |    76 |   256 |   125 ||   457
  Use: Potion            |       |       |     5 ||     5
       Scroll            |       |       |     1 ||     1
Armor: Robe              |     1 |     7 |       ||     8
       Leather armour    |       |       |    20 ||    20
Dodge: Dodged            |     8 |    25 |    32 ||    65
